 Dungeon Crawl Stone Soup version 0.18.1-50-g88ac8fd (console) character file.

261 Kloppie the Slasher (level 5, 0/58 HPs)
             Began as a High Elf Berserker on Sept 27, 2016.
             Was a Believer of Trog.
             Succumbed to a scorpion's poison
             ... on level 4 of the Dungeon.
             The game lasted 00:03:43 (3437 turns).

Kloppie the Slasher (High Elf Berserker)            Turns: 3437, Time: 00:03:43

Health: 0/58       AC:  5    Str: 22    XL:     5   Next: 96%
Magic:  6/6        EV: 11    Int: 11    God:    Trog [**....]
Gold:   126        SH:  0    Dex: 14    Spells: 0 memorised, 4 levels left

rFire  . . .     SeeInvis .     a - +0 falchion
rCold  . . .     Gourm    .     B - +0 ring mail
rNeg   . . .     Faith    .     (no shield)
rPois  .         Spirit   .     (no helmet)
rElec  .         Dismiss  .     (no cloak)
rCorr  .         Reflect  .     (no gloves)
SustAt .         Harm     .     (no boots)
MR     .....                    (no amulet)
Stlth  ..........               (no ring)
                                (no ring)

@: berserking (expiring), lethally poisoned (0 -> -24), very quick, not
resistant to hostile enchantments, extremely unstealthy
A: no striking features
a: Berserk, Trog's Hand, Burn Spellbooks, Renounce Religion


You were on level 4 of the Dungeon.
You worshipped Trog.
Trog was pleased with you.
You were hungry.

You visited 1 branch of the dungeon, and saw 4 of its levels.

You collected 126 gold pieces.

Inventory:

Hand Weapons
 a - a +0 falchion (weapon)
 v - a +0 long sword
Armour
 o - a cursed +0 chain mail
 B - a +0 ring mail (worn)
Jewellery
 p - an uncursed ring of protection from magic {unknown}
 x - an uncursed amulet of harm {unknown}
 C - a +6 ring of strength {unknown}
 E - an uncursed ring of flight {unknown}
Wands
 w - a wand of disintegration (9/24)
Scrolls
 b - 2 scrolls of recharging {unknown}
 d - 2 scrolls of enchant armour {unknown}
 e - a scroll of amnesia {unknown}
 f - 2 scrolls of blinking {unknown}
 h - 4 scrolls of remove curse {unknown}
 i - 4 scrolls of identify {unknown}
 k - a scroll of immolation {unknown}
 y - a scroll of fear {unknown}
 D - a scroll of enchant weapon {unknown}
Potions
 g - 2 potions of cure mutation {unknown}
 l - 4 potions of mutation {unknown}
 n - a potion of haste {unknown}
 q - 2 potions of curing {unknown}
 r - a potion of heal wounds {unknown}
 u - a potion of might {unknown}
 A - a potion of invisibility {unknown}
Books
 t - a book of Envenomations

   Spells                             Type                      Level
   a - Spider Form                    Transmutation/Poison         3
   b - Olgreb's Toxic Radiance        Poison                       4
   c - Alistair's Intoxication        Transmutation/Poison         5
   d - Poisonous Cloud                Conjuration/Poison/Air       6
   Trog disapproves of the use of such an item.
Comestibles
 c - 2 bread rations
 j - 3 meat rations
 m - 2 chunks of flesh
 s - a beef jerky
 z - 5 fruits


   Skills:
 + Level 5.2 Fighting
 + Level 6.2 Long Blades
 - Level 1.7 Armour
 - Level 2.1 Dodging


You had 4 spell levels left.
You didn't know any spells.

Dungeon Overview and Level Annotations

Branches:
Dungeon (4/15)             Temple (0/1) D:4

Altars:
Ashenzari
Elyvilon
Fedhas
Nemelex Xobeh
Okawaru
Vehumet
Zin
The Shining One


Message History

You feel sick. The scorpion stings you.
* * * LOW HITPOINT WARNING * * *
You are lethally poisoned!
The scorpion poisons you!
You slash the scorpion!
The scorpion is severely wounded.
* * * LOW HITPOINT WARNING * * *
You feel sick.
You barely miss the scorpion.
The scorpion is severely wounded.
* * * LOW HITPOINT WARNING * * *
You feel sick. The scorpion stings you.
* * * LOW HITPOINT WARNING * * *
You are more poisoned.
The scorpion poisons you!
You slash the scorpion!
You kill the scorpion!
Trog accepts your kill.
Your Long Blades skill increases to level 6!
You die...

.....# .....
....# ... ... #.#
#†# #@## #..##
##..# . ##.#
###.# ..#.
#.####....# #...
##......# ##..
#.....########...
#.###..###.......
#.# ##.#...8.8.8.


There were no monsters in sight!

Vanquished Creatures
  A scorpion (D:4)
  The ghost of smzp the Charmwright, a weakling HESk (D:3)
  A hound (D:4)
  An orc wizard (D:3)
  A gnoll (D:1)
  3 adders (D:2)
  An ooze (D:2)
  An adder skeleton (D:4)
  A worm (D:2)
  2 dart slugs
  3 giant geckos
  6 orcs
  6 bats
  2 giant cockroaches
  9 goblins
  2 hobgoblins (D:2)
  8 kobolds
  A quokka (D:4)
  A ball python (D:1)
  6 giant newts
  3 rats
60 creatures vanquished.

Notes
Turn   | Place    | Note
--------------------------------------------------------------
     0 | D:1      | Kloppie the High Elf Berserker began the quest for the Orb.
     0 | D:1      | Reached XP level 1. HP: 16/16 MP: 2/2
    99 | D:1      | Reached skill level 4 in Long Blades
    99 | D:1      | Reached XP level 2. HP: 15/21 MP: 3/3
   724 | D:1      | Reached XP level 3. HP: 25/26 MP: 4/4
  1340 | D:2      | Found a radiant altar of Vehumet.
  1358 | D:2      | Reached ** piety under Trog
  1501 | D:2      | Found a sparkling altar of Nemelex Xobeh.
  1545 | D:2      | Reached XP level 4. HP: 18/33 MP: 5/5
  1799 | D:2      | Reached skill level 5 in Long Blades
  1898 | D:2      | Found a glowing silver altar of Zin.
  1904 | D:2      | Found a glowing golden altar of the Shining One.
  1908 | D:2      | Found a white marble altar of Elyvilon.
  2218 | D:3      | Found an iron altar of Okawaru.
  2221 | D:3      | Noticed smzp's ghost (weakling HESk)
  2234 | D:3      | Killed smzp's ghost
  2605 | D:3      | Found a shattered altar of Ashenzari.
  2605 | D:3      | Found a blossoming altar of Fedhas.
  2634 | D:3      | Reached XP level 5. HP: 20/38 MP: 6/6
  3255 | D:4      | Found a staircase to the Ecumenical Temple.
  3418 | D:4      | Reached skill level 5 in Fighting
  3436 | D:4      | HP: 1/58 [scorpion (4)]
  3437 | D:4      | Reached skill level 6 in Long Blades
  3437 | D:4      | Succumbed to a scorpion's poison

Skill      XL: |  1  2  3  4  5 |
---------------+----------------+-----
Long Blades    | 4 5 6 |  6.2
Fighting       | 4 5 |  5.2
Armour         | |  1.7
Dodging        | |  2.1

Action                   |  1- 3 |  4- 6 || total
-------------------------+-------+-------++-------
Melee: Falchion          |   140 |   105 ||   245
Invok: Berserk           |     3 |     2 ||     5
       Trog's Hand       |       |     1 ||     1
 Stab: Sleeping          |     2 |     2 ||     4
  Eat: Chunk             |     4 |     8 ||    12
Armor: Animal skin       |     6 |       ||     6
       Leather armour    |    24 |    10 ||    34
       Ring mail         |       |    12 ||    12
Dodge: Dodged            |   104 |    51 ||   155
